 Dungeon Crawl Stone Soup version 0.27-a0-1188-g73eefd5def (webtiles) character file.

Game seed: 16912313776778143577

12 Glokmah the Skirmisher (level 2, -2/21 HPs)
             Began as a Demonspawn Monk on May 21, 2021.
             Was a Believer of Hepliaklqana.
             Slain by a gnoll
             ... wielding a +0 spear
              (7 damage)
             ... on level 1 of the Dungeon.
             The game lasted 00:00:44 (402 turns).

Glokmah the Skirmisher (Demonspawn Monk)             Turns: 402, Time: 00:00:45

Health: -2/21      AC:  2    Str: 11    XL:     2   Next: 20%
Magic:  2/2        EV: 12    Int: 11    God:    Hepliaklqana [**....]
Gold:   52         SH:  0    Dex: 15    Spells: 1/1 levels left

rFire    . . .     SeeInvis .   a - +0 hand axe
rCold    . . .     Faith    .   (no shield)
rNeg     . . .     Spirit   .   b - +0 robe
rPois    .         Reflect  .   (helmet restricted)
rElec    .         Harm     .   (no cloak)
rCorr    .         Rampage  .   (no gloves)
Will     .....                  (no boots)
Stlth    ++........             (no amulet)
HPRegen  0.07/turn              (no ring)
MPRegen  0.08/turn              (no ring)

@: no status effects
A: reduced essence, antennae 1
a: Renounce Religion, Recall Ancestor, Ancestor Identity


You were on level 1 of the Dungeon.
You worshipped Hepliaklqana.
Hepliaklqana was pleased with you.
You visited 1 branch of the dungeon, and saw 1 of its levels.

You collected 52 gold pieces.

Inventory:

Hand Weapons
 a - a +0 hand axe (weapon)
Missiles
 d - 23 poisoned darts (quivered)
Armour
 b - a +0 robe (worn)
Scrolls
 e - a scroll of immolation {unknown}
Potions
 c - a potion of invisibility {unknown}


   Skills:
 + Level 3.2 Fighting
 * Level 3.1 Axes
 - Level 2.6 Dodging
 - Level 1.7 Stealth


You had one spell level left.
You didn't know any spells.
Your spell library was empty.

Dungeon Overview and Level Annotations

Branches:
Dungeon (1/15)

Altars:
Hepliaklqana


Innate Abilities, Weirdness & Mutations

Your life essence is reduced to manifest your ancestor. (-10% HP)
You have a pair of small antennae on your head.


Message History

You now have 28 gold pieces (gained 7).
You now have 40 gold pieces (gained 12).
You now have 52 gold pieces (gained 12).
You swap places.
Found a stone staircase leading down.
You sense a monster nearby.
A frilled lizard comes into view.
The frilled lizard hisses angrily.
The frilled lizard closely misses you.
You hit the frilled lizard.
You kill the frilled lizard!
You swap places.
e - a scroll labelled FEGGAE USIXT You enter the shallow water.
Moving in this stuff is going to be slow.
There is a stone staircase leading down here.
You swap places.
A hobgoblin and a gnoll come into view.
The gnoll shouts!
The hobgoblin misses you. The gnoll misses you.
You hit the hobgoblin.
The hobgoblin is almost dead.
The hobgoblin hits you. The gnoll misses you.
You hit the hobgoblin but do no damage.
The hobgoblin is almost dead.
The hobgoblin closely misses you. The gnoll barely misses you.
You hit the hobgoblin.
You kill the hobgoblin!
The gnoll closely misses you.
The gnoll hits you from afar with a +0 spear!
The gnoll completely misses you.
You see here a hobgoblin corpse.
You hit the gnoll.
The gnoll is moderately wounded.
The gnoll hits you with a +0 spear.
* * * LOW HITPOINT WARNING * * *
You hit the gnoll.
The gnoll is severely wounded.
The gnoll hits you with a +0 spear!
You die...

#####.#...#> #.
#........... #.
#.###.#..... #.
#.###.#..... #.
#..≈≈....... #.
##≈..≈≈...≈.≈ #.
#..≈≈≈≈≈≈≈≈≈≈ #g##
#.≈≈≈≈≈≈≈≈≈≈≈ #@##
#..≈≈≈≈≈≈≈≈≈≈ ##
##R###..≈≈≈≈...≈≈≈
#.# ##.##...≈≈≈≈_.≈≈≈
#.###.###...≈≈≈≈≈.≈≈≈
#.#.## #.≈≈≈≈≈≈≈≈≈≈≈
#.## #...≈≈≈≈≈≈≈≈≈
#.# #...≈≈≈≈≈≈≈≈≈ #.#
#...≈≈..≈≈≈.≈ #.#
#.≈......)...


You could see the friendly Yadidatum the hexer and a gnoll (ally target).

Vanquished Creatures
  A bat (D:1)
  2 goblins (D:1)
  A hobgoblin (D:1)
  A jackal (D:1)
  A kobold (D:1)
  A frilled lizard (D:1)
  A rat (D:1)
8 creatures vanquished.

Vanquished Creatures (collateral kills)
  2 jackals (D:1)
2 creatures vanquished.

Grand Total: 10 creatures vanquished

Notes
Turn   | Place    | Note
-------+----------+-------------------------------------------
     0 | D:1      | Glokmah the Demonspawn Monk began the quest for the Orb.
     0 | D:1      | Reached XP level 1. HP: 18/18 MP: 1/1
    92 | D:1      | Found a faded altar of an unknown god.
   108 | D:1      | Became a worshipper of Hepliaklqana the Forgotten
   108 | D:1      | Reached * piety under Hepliaklqana
   108 | D:1      | Reached ** piety under Hepliaklqana
   109 | D:1      | Remembered your ancestor Yadidatum as a hexer
   121 | D:1      | Gained mutation: You have a pair of small antennae on your
                  | head. [demonic ancestry]
   121 | D:1      | Reached XP level 2. HP: 13/21 MP: 2/2
   402 | D:1      | Slain by a gnoll

Illustrated notes

Levels and vault maps discovered:
D:1:      heliophobic_arrival_enchanted_forest, layout_loops_ring,
          chequers_ecumenical_altar_island

Skill      XL: |  1 |
---------------+----+-----
Axes           | 3 |  3.1
Fighting       | |  3.2
Dodging        | |  2.6
Stealth        | |  1.7

Action                   || total
-------------------------++-------
Melee: Hand axe          ||    29
Invok: Ancestor Life: He ||     1
 Stab: Sleeping          ||     1
Armor: Robe              ||     5
Dodge: Dodged            ||    20

Table legend: (Time is in decaauts)
 A = Elapsed time spent in this place.
 B = Non-inter-level travel time spent in this place.
 C = Inter-level travel time spent in this place.
 D = Time resting spent in this place.
 E = Time spent auto-exploring this place.
 F = Levels seen in this place.
 G = Mean time per level.
                   A        B        C        D        E       F      G
               +--------+--------+--------+--------+--------+-----+--------+
         Total |    413 |    413 |      0 |      0 |    327 |   1 |  413.0 |
       Dungeon |    413 |    413 |      0 |      0 |    327 |   1 |  413.0 |
               +--------+--------+--------+--------+--------+-----+--------+

Top non-repeatable levels by time:
     D:1: 413 daAuts
